 Dungeon Crawl Stone Soup version 0.32-a0-131-g9dbbe29261 (webtiles) character file.

Game seed: 17684041606207969056

1169 Dittersdorf the Trooper (level 8, -8/51 HPs)
             Began as a Gargoyle Fighter on Feb 8, 2024.
             Mangled by an ice beast (14 damage)
             ... on level 5 of the Dungeon.
             The game lasted 00:05:16 (4380 turns).

Dittersdorf the Trooper (Gargoyle Fighter)          Turns: 4380, Time: 00:05:17

Health: -8/51      AC: 12    Str: 24    XL:     8   Next: 40%
Magic:  8/8        EV: 10    Int: 13    God:
Gold:   246        SH:  6    Dex:  9    Spells: 7/7 levels left

rFire   . . .        b - +1 flail (holy)
rCold   . . .        c - +1 buckler
rNeg    + . .        m - +2 leather armour of the Sky {Rampage Fly Str+3 Int+3}
rPois   ∞            o - +0 helmet
rElec   +            (no cloak)
rCorr   .            (no gloves)
SInv    .            (no boots)
Will    +....        (no amulet)
Stlth   +            f - ring of willpower
HPRegen 0.28/turn    (no ring)
MPRegen 0.11/turn

%: rampage
@: flying
A: sickness immunity, AC +5, negative energy resistance 1, electricity
resistance, torment resistance 1, petrification resistance
a: no special abilities


You were on level 5 of the Dungeon.
You visited 2 branches of the dungeon, and saw 6 of its levels.

You collected 246 gold pieces.

Inventory:

Hand Weapons
 b - a +1 flail of holy wrath (weapon)
Armour
 c - a +1 buckler (worn)
 m - the +2 leather armour of the Sky (worn) {Rampage Fly Str+3 Int+3}
   (You found it on level 4 of the Dungeon)

   Str+3:     It affects your strength (+3).
   Int+3:     It affects your intelligence (+3).
   Fly:       It grants you flight.
   Rampage:   It bestows one free step when moving towards enemies.
 o - a +0 helmet (worn)
 v - a +0 plate armour
Jewellery
 d - a ring of ice
 f - a ring of willpower (left hand)
Scrolls
 e - a scroll of fear
 h - 2 scrolls of revelation
 i - a scroll of teleportation {unknown}
 k - 3 scrolls of enchant weapon
Potions
 a - 4 potions of enlightenment
 g - a potion of magic {unknown}
 j - a potion of degeneration {unknown}
 l - 5 potions of curing
 n - a potion of might
 p - a potion of heal wounds {unknown}
 q - a potion of ambrosia {unknown}
 s - a potion of resistance {unknown}
 t - 2 potions of mutation {unknown}
 u - a potion of brilliance {unknown}


   Skills:
 + Level 6.2 Fighting
 + Level 5.2 Maces & Flails
 + Level 6.2 Armour
 + Level 6.2 Shields


You had 7 spell levels left.
You didn't know any spells.
Your spell library contained the following spells:

 Spells                   Type           Power      Damage    Failure   Level
 Magic Dart               Conj           0%         1d3       38%         1
 Blink                    Tloc           0%         N/A       52%         2
 Call Imp                 Summ           0%         N/A       52%         2
 Dazzling Flash           Conj/Hex       0%         N/A       77%         3
 Mephitic Cloud           Conj/Alch/Air  0%         N/A       77%         3
 Curse of Agony           Necr           0%         N/A       100%        5
 Silence                  Hex/Air        0%         N/A       100%        5


Dungeon Overview and Level Annotations

Branches:
Dungeon (5/15)             Temple (1/1) D:4

Altars:
Ashenzari
Cheibriados
Elyvilon
Fedhas
Hepliaklqana
Kikubaaqudgha
Makhleb
Nemelex Xobeh
Okawaru
Qazlal
Ru
Uskayaw
Vehumet
Wu Jian
Xom
Zin
The Shining One


Innate Abilities, Weirdness & Mutations

You are immune to sickness and miasma.
Your stone body is resilient. (AC +5)
You are immune to poison.
You resist negative energy. (rN+)
You are resistant to electric shocks. (rElec)
You are resistant to unholy torment.
You are immune to petrification.


Message History

You sock the scorpion!
The scorpion is severely wounded.
The scorpion stings you but does no damage.
The orc closely misses you.
The orc priest hits you with a +2 mace of holy wrath.
The scorpion stings you. The orc hits you with a +0 flail.
You are too injured to fight recklessly!
You are too injured to fight recklessly!
You are too injured to fight recklessly!
You are too injured to fight recklessly!
You are too injured to fight recklessly!
You are too injured to fight recklessly!
You are too injured to fight recklessly!
You are too injured to fight recklessly!
You are too injured to fight recklessly!
You are too injured to fight recklessly!
You are too injured to fight recklessly!
You are too injured to fight recklessly!
You are too injured to fight recklessly!
You are too injured to fight recklessly!
You are too injured to fight recklessly!
You are too injured to fight recklessly!
You are too injured to fight recklessly!
You are too injured to fight recklessly!
You are too injured to fight recklessly!
You barely miss the orc priest. The scorpion barely misses you.
The orc closely misses you. The orc priest barely misses you.
You closely miss the orc priest. The scorpion barely misses you.
The orc barely misses you.
The orc priest mumbles some strange prayers to Beogh against you.
Beogh smites you!
* * * LOW HITPOINT WARNING * * *
You sock the orc priest!
The orc priest is severely wounded.
The scorpion stings you.
* * * LOW HITPOINT WARNING * * *
The ice beast hits you.
* * * LOW HITPOINT WARNING * * *
The ice beast freezes you!
You die...

#....# ***,,,,*******#..........
*,,,,* *,,,,,,,,,,,,.......#..##
*,,,,* **,,,,,******#####..#..##
*,,,,* #,*,,,,,,,#######..#..##
,,,,,* #.#######,#........#..#.
*,,,,* **#........,#......#.#..#.
*,,,,***,........###......#....#.
*,,,,,,,,................†..#..#.
,,,,****,......o@############..#.
,,,,,,,,,......Yso.......<.......
,,,,****,.....$oo#############.##
,,,,****,...?....# #.....
******,,,.....?.## ******#....#
*,,,.......******,,,,....... ***
*,,,.......,,,,**,**###....# ,,*
*,,,.......,,,,**,* #....# ,,*
*,,,,,,,,,,,,,,**,****######


You could see an ice beast, a scorpion, an orc priest and 3 orcs.

Vanquished Creatures
  The ghost of Gangsterbeez the Trooper, an amateur MiFi (D:4)
  A black bear (D:4)
  A sky beast (D:5)
  2 ogres
  2 phantoms (D:4)
  Blork the orc (D:4)
  A scorpion (D:5)
  2 jellies (D:5)
  An orc priest (D:5)
  3 hounds (D:5)
  2 iguanas (D:5)
  Terence (D:2)
  3 gnolls (D:4)
  2 adders
  2 ufetubi (D:5)
  A dart slug (D:2)
  6 orcs
  7 endoplasms
  2 giant cockroaches
  7 goblins
  9 hobgoblins
  3 jackals (D:1)
  7 kobolds
  6 quokkas
  2 ball pythons (D:1)
  8 bats
  3 frilled lizards
  A hobgoblin zombie (D:5)
  An orc zombie (D:5)
  2 rats (D:1)
90 creatures vanquished.

Notes
Turn   | Place    | Note
-------+----------+-------------------------------------------
     0 | D:1      | Dittersdorf the Gargoyle Fighter began the quest for the
                  | Orb.
     0 | D:1      | Reached XP level 1. HP: 14/14 MP: 1/1
   378 | D:1      | Reached XP level 2. HP: 19/19 MP: 2/2
   735 | D:1      | Reached XP level 3. HP: 23/23 MP: 3/3
   976 | D:2      | You fall into a shaft and drop 2 floors!
   986 | D:4      | Identified the +2 leather armour of the Sky {Rampage Fly
                  | Str+3 Int+3}
  1068 | D:4      | Noticed Blork the orc
  1089 | D:4      | Killed Blork the orc
  1090 | D:4      | Reached XP level 4. HP: 19/29 MP: 4/4
  1130 | D:4      | Noticed a black bear
  1135 | D:4      | Killed a black bear
  1136 | D:4      | Reached XP level 5. HP: 23/34 MP: 5/5
  1187 | D:4      | Noticed an ogre
  1192 | D:4      | Killed an ogre
  1193 | D:4      | Reached XP level 6. HP: 9/39 MP: 6/6
  1657 | D:2      | Found an ornate altar of the Wu Jian Council.
  1657 | D:2      | Noticed Terence
  1665 | D:2      | Killed Terence
  2449 | D:3      | Reached skill level 5 in Fighting
  2719 | D:3      | Reached skill level 5 in Armour
  3032 | D:4      | Found a runed translucent door.
  3033 | D:4      | Noticed Gangsterbeez's ghost (amateur MiFi)
  3047 | D:4      | Found a staircase to the Ecumenical Temple.
  3053 | Temple   | Entered the Ecumenical Temple
  3080 | D:4      | Reached skill level 5 in Shields
  3080 | D:4      | Reached XP level 7. HP: 31/44 MP: 7/7
  3661 | D:4      | Killed Gangsterbeez's ghost
  3734 | D:5      | Entered Level 5 of the Dungeon
  3870 | D:5      | Reached XP level 8. HP: 13/51 MP: 8/8
  4076 | D:5      | Found a blossoming altar of Fedhas.
  4081 | D:5      | Reached skill level 5 in Maces & Flails
  4177 | D:5      | Identified the +2 robe of Usucoeg {rPois Str+2 Stlth-}
  4380 | D:5      | Mangled by an ice beast

Illustrated notes

Levels and vault maps discovered:
D:1:      matt_arrival_spirals, layout_loops_ring
D:2:      layout_basic, basic_altar, hex_large, uniq_terence
D:3:      layout_basic, nicolae_the_louvre
D:4:      layout_cave_pods, minmay_temple_entry_hall,
          ebering_ghost_reflecting_pool, uniq_blork_the_orc
D:5:      layout_basic, mainiacjoe_overflow_tiny_flanked, minmay_mini_ossuary
Temple:   nicolae_temple_x_marks_the_god

Skill      XL: |  1  2  3  4  5  6  7  8 |
---------------+-------------------------+-----
Fighting       | 4 5 6 |  6.2
Maces & Flails | 3 4 5 |  5.2
Armour         | 4 5 6 |  6.2
Shields        | 4 5 6 |  6.2

Action                     |  1- 3 |  4- 6 |  7- 9 || total
---------------------------+-------+-------+-------++-------
  Melee: Flail             |    74 |   119 |   126 ||   319
    Use: Scroll            |     5 |       |     5 ||    10
         Potion            |     1 |       |       ||     1
 Armour: Scale mail        |    52 |       |       ||    52
         Leather armour    |     2 |    82 |   125 ||   209
  Dodge: Dodged            |    45 |    54 |    70 ||   169
  Block: Buckler           |    20 |    28 |    45 ||    93

Table legend: (Time is in decaauts)
 A = Elapsed time spent in this place.
 B = Non-inter-level travel time spent in this place.
 C = Inter-level travel time spent in this place.
 D = Time resting spent in this place.
 E = Time spent auto-exploring this place.
 F = Levels seen in this place.
 G = Mean time per level.
                   A        B        C        D        E       F      G
               +--------+--------+--------+--------+--------+-----+--------+
         Total |   4455 |   4304 |    151 |    548 |   2945 |   6 |  742.5 |
       Dungeon |   4453 |   4302 |    151 |    548 |   2945 |   5 |  890.6 |
        Temple |      1 |      1 |      0 |      0 |      0 |   1 |    1.0 |
               +--------+--------+--------+--------+--------+-----+--------+

Top non-repeatable levels by time:
     D:4: 1340 daAuts
     D:2: 889 daAuts
     D:1: 864 daAuts
     D:3: 705 daAuts
     D:5: 654 daAuts
  Temple: 1 daAuts
